[ PARTIDA AOE2 · #481200018 ]
UnrankedIndostaníes vs Japanese
Equipo del jugador · DERR
[ ANÁLISIS DE REPETICIÓN · EXTRAÍDO DE LA PARTIDA GRABADA ]
Feudal
17:21
Castillos
21:14
Imperial
43:31
| APM promedio | 20.3 |
| APM pico | 59 |
| eAPM promedio | 10.7 |
| Aldeanos / militares | 85 / 129 |
Foco
⚔️ 31.2% · 🌾 68.8%
Ghulam ×67 · Hand Cannoneer ×53 · Petard ×5 · Trebuchet (Packed) ×2 · Mangonel ×1 · Scout Cavalry ×1
Feudal
13:11
Castillos
18:48
Imperial
29:37
| APM promedio | 25.1 |
| APM pico | 54 |
| eAPM promedio | 13.6 |
| Aldeanos / militares | 89 / 193 |
Foco
⚔️ 44.7% · 🌾 55.3%
Scout Cavalry ×85 · Obuch ×83 · Knight ×16 · Bombard Cannon ×8 · Monk ×1
Feudal
11:59
Castillos
21:58
Imperial
39:26
| APM promedio | 13.7 |
| APM pico | 30 |
| eAPM promedio | 10.4 |
| Aldeanos / militares | 111 / 209 |
Foco
⚔️ 31.8% · 🌾 68.2%
Samurai ×113 · Spearman ×78 · Battering Ram ×9 · Trade Cart ×8 · Trebuchet (Packed) ×4 · Scout Cavalry ×3
Feudal
13:33
Castillos
17:14
Imperial
21:26
| APM promedio | 18.0 |
| APM pico | 71 |
| eAPM promedio | 7.2 |
| Aldeanos / militares | 54 / 25 |
Foco
⚔️ 21.1% · 🌾 78.9%
Scout Cavalry ×12 · Knight ×8 · Bombard Cannon ×4 · Monk ×1 · Trade Cart ×1
Feudal
13:33
Castillos
18:45
Imperial
36:41
| APM promedio | 16.1 |
| APM pico | 32 |
| eAPM promedio | 6.9 |
| Aldeanos / militares | 56 / 164 |
Foco
⚔️ 29.5% · 🌾 70.5%
Eagle Scout ×135 · Plumed Archer ×27 · Trade Cart ×18 · Transport Ship ×2
Feudal
12:01
Castillos
22:53
Imperial
34:39
| APM promedio | 25.9 |
| APM pico | 57 |
| eAPM promedio | 13.8 |
| Aldeanos / militares | 110 / 110 |
Foco
⚔️ 32.5% · 🌾 67.5%
Scorpion ×35 · Militia ×28 · Urumi Swordsman ×18 · Scout Cavalry ×8 · Battle Elephant ×5 · Trebuchet (Packed) ×5
Feudal
10:29
Castillos
15:46
Imperial
37:54
| APM promedio | 23.3 |
| APM pico | 62 |
| eAPM promedio | 16.8 |
| Aldeanos / militares | 213 / 263 |
Foco
⚔️ 30.2% · 🌾 69.8%
Archer ×209 · Trade Cart ×82 · Spearman ×30 · Battering Ram ×23 · Mangonel ×1
Feudal
12:32
Castillos
18:03
Imperial
35:30
| APM promedio | 24.2 |
| APM pico | 56 |
| eAPM promedio | 14.3 |
| Aldeanos / militares | 93 / 311 |
Foco
⚔️ 45.4% · 🌾 54.6%
Archer ×149 · Skirmisher ×95 · Eagle Scout ×47 · Monk ×12 · Trade Cart ×9 · Petard ×4
Mapa de la partida
Recursos iniciales + cada clic de construcción. Líneas = muros · curvas = relieve. ◆ oro · ⬟ piedra · ● bayas · ✦ reliquia · ◌ hueco del cierre
Tu base· Abierta — flanco sin cerrar
Base de GoldenChild· Abierta — flanco sin cerrar
Base de ROMA· ✓ Cerrada en 21:58 · 83t muro · 5 puerta(s)
Base de Prince of Hell· Abierta — flanco sin cerrar
Base de Felch Baby· Abierta — flanco sin cerrar
Base de Peacemaker2000· ✓ Cerrada en 22:53 · 53t muro · 4 puerta(s)
Base de robin-47· Abierta — flanco sin cerrar
Base de HaK· Abierta — hueco de 3t
Terreno inicial suavizado · ◌ = hueco del cierre detectado · pasá el cursor para detalles
Inputs por minuto
— PilotePSP - - GoldenChild
Build order — PilotePSP
Primeras 150 de 295 acciones detectadas
| 0:04 | Crear | Villager (Male) |
| 0:04 | Crear | Villager (Male) |
| 0:09 | Investigar | Loom |
| 0:09 | Crear | Villager (Male) |
| 0:09 | Crear | Villager (Male) |
| 0:09 | Crear | Villager (Male) |
| 0:18 | Construir | House |
| 1:15 | Crear | Villager (Male) |
| 1:16 | Crear | Villager (Male) |
| 1:16 | Crear | Villager (Male) |
| 2:11 | Construir | House |
| 2:16 | Construir | House |
| 2:30 | Crear | Villager (Male) |
| 2:30 | Crear | Villager (Male) |
| 2:31 | Crear | Villager (Male) |
| 2:54 | Construir | Lumber Camp |
| 3:22 | Construir | House |
| 3:33 | Crear | Villager (Male) |
| 3:34 | Crear | Villager (Male) |
| 3:34 | Crear | Villager (Male) |
| 4:00 | Crear | Villager (Male) |
| 4:00 | Crear | Villager (Male) |
| 4:14 | Construir | Palisade Wall |
| 4:27 | Crear | Villager (Male) |
| 4:28 | Crear | Villager (Male) |
| 5:02 | Construir | Palisade Wall |
| 5:15 | Crear | Villager (Male) |
| 5:15 | Crear | Villager (Male) |
| 5:15 | Crear | Villager (Male) |
| 5:27 | Crear | Villager (Male) |
| 5:28 | Crear | Villager (Male) |
| 5:42 | Construir | House |
| 6:07 | Crear | Villager (Male) |
| 6:07 | Crear | Villager (Male) |
| 6:23 | Construir | Palisade Wall |
| 6:33 | Construir | Dock |
| 6:52 | Crear | Villager (Male) |
| 6:52 | Crear | Villager (Male) |
| 7:27 | Crear | Villager (Male) |
| 7:39 | Construir | Dock |
| 7:48 | Construir | Palisade Wall |
| 7:57 | Construir | Barracks |
| 8:24 | Construir | Palisade Wall |
| 8:28 | Construir | Palisade Wall |
| 8:34 | Crear | Villager (Male) |
| 8:35 | Crear | Villager (Male) |
| 8:35 | Crear | Villager (Male) |
| 8:35 | Crear | Villager (Male) |
| 8:57 | Crear | Villager (Male) |
| 9:21 | Construir | Mining Camp |
| 9:40 | Construir | Palisade Wall |
| 9:43 | Construir | Palisade Wall |
| 9:51 | Construir | Palisade Gate |
| 10:03 | Construir | House |
| 10:25 | Crear | Villager (Male) |
| 10:25 | Crear | Villager (Male) |
| 11:08 | Construir | Palisade Wall |
| 11:12 | Construir | Palisade Wall |
| 12:23 | Crear | Villager (Male) |
| 12:28 | Crear | Villager (Male) |
| 12:40 | Construir | Lumber Camp |
| 12:54 | Construir | Mill |
| 13:10 | Crear | Villager (Male) |
| 13:10 | Crear | Villager (Male) |
| 14:23 | Construir | Palisade Wall |
| 14:32 | Construir | Dock |
| 14:49 | Construir | Dock |
| 15:01 | Construir | Palisade Wall |
| 15:11 | Investigar | Feudal Age |
| 16:25 | Construir | Farm |
| 16:25 | Construir | Farm |
| 16:26 | Construir | Farm |
| 16:26 | Construir | Farm |
| 16:26 | Construir | Farm |
| 16:27 | Construir | Farm |
| 16:27 | Construir | Farm |
| 17:07 | Construir | Mill |
| 17:21 | Edad | Edad Feudal |
| 17:27 | Construir | Market |
| 17:35 | Construir | Stable |
| 17:42 | Crear | Villager (Male) |
| 17:42 | Crear | Villager (Male) |
| 18:11 | Investigar | Double-Bit Axe |
| 18:34 | Investigar | Castle Age |
| 19:22 | Construir | Stone Wall |
| 19:25 | Construir | Stone Wall |
| 19:43 | Investigar | Bloodlines |
| 19:57 | Construir | Blacksmith |
| 20:13 | Construir | Stone Wall |
| 20:16 | Construir | Stone Wall |
| 20:17 | Construir | Stone Wall |
| 20:41 | Construir | Mining Camp |
| 20:57 | Investigar | Scale Mail Armor |
| 21:14 | Edad | Edad de los Castillos |
| 21:29 | Construir | Castle |
| 21:39 | Construir | Stone Wall |
| 21:48 | Investigar | Chain Mail Armor |
| 21:50 | Investigar | Forging |
| 21:53 | Investigar | Horse Collar |
| 21:57 | Investigar | Bow Saw |
| 22:14 | Construir | Town Center |
| 22:25 | Construir | Stone Wall |
| 22:53 | Construir | Siege Workshop |
| 23:00 | Crear | Ghulam ×4 |
| 23:01 | Crear | Ghulam ×4 |
| 23:11 | Construir | Farm |
| 23:17 | Crear | Villager (Male) |
| 23:18 | Crear | Villager (Male) |
| 23:18 | Crear | Villager (Male) |
| 23:36 | Construir | Lumber Camp |
| 23:46 | Investigar | Town Watch |
| 23:48 | Crear | Villager (Male) |
| 23:48 | Crear | Villager (Male) |
| 23:59 | Construir | Farm |
| 24:02 | Construir | Farm |
| 24:03 | Construir | Farm |
| 24:13 | Crear | Villager (Male) |
| 24:14 | Crear | Villager (Male) |
| 24:24 | Crear | Ghulam |
| 24:24 | Crear | Ghulam |
| 24:24 | Crear | Ghulam |
| 24:46 | Crear | Mangonel |
| 24:50 | Crear | Petard |
| 25:04 | Crear | Villager (Male) |
| 25:04 | Crear | Villager (Male) |
| 25:06 | Crear | Villager (Male) |
| 25:06 | Crear | Villager (Male) |
| 25:06 | Crear | Villager (Male) |
| 25:17 | Construir | Lumber Camp |
| 25:24 | Crear | Villager (Male) |
| 25:24 | Crear | Villager (Male) |
| 25:58 | Construir | Farm |
| 26:00 | Construir | Farm |
| 26:01 | Construir | Farm |
| 26:08 | Crear | Villager (Male) |
| 26:09 | Crear | Villager (Male) |
| 26:12 | Crear | Villager (Male) |
| 26:12 | Crear | Villager (Male) |
| 26:24 | Construir | Farm |
| 26:35 | Construir | Farm |
| 27:01 | Crear | Petard |
| 27:02 | Crear | Ghulam |
| 27:02 | Crear | Ghulam |
| 27:02 | Crear | Ghulam |
| 28:06 | Crear | Ghulam ×5 |
| 28:40 | Crear | Ghulam |
| 28:40 | Crear | Ghulam |
| 29:10 | Crear | Ghulam |
| 29:10 | Crear | Ghulam |
| 29:37 | Crear | Ghulam |
Build order — GoldenChild
Primeras 150 de 417 acciones detectadas
| 0:06 | Construir | House |
| 0:09 | Crear | Villager (Male) |
| 0:09 | Crear | Villager (Male) |
| 0:09 | Crear | Villager (Male) |
| 0:10 | Crear | Villager (Male) |
| 0:15 | Construir | House |
| 1:45 | Crear | Villager (Male) |
| 2:13 | Crear | Villager (Male) |
| 2:38 | Crear | Villager (Male) |
| 3:01 | Crear | Villager (Male) |
| 3:15 | Crear | Villager (Male) |
| 3:22 | Construir | Lumber Camp |
| 3:50 | Crear | Villager (Male) |
| 4:05 | Crear | Villager (Male) |
| 4:11 | Construir | House |
| 4:14 | Construir | House |
| 4:16 | Construir | House |
| 4:33 | Crear | Villager (Male) |
| 5:28 | Crear | Villager (Male) |
| 5:28 | Crear | Villager (Male) |
| 6:07 | Crear | Villager (Male) |
| 6:43 | Crear | Villager (Male) |
| 7:08 | Crear | Villager (Male) |
| 7:45 | Crear | Villager (Male) |
| 7:45 | Crear | Villager (Male) |
| 7:46 | Crear | Villager (Male) |
| 8:26 | Crear | Villager (Male) |
| 8:45 | Construir | Barracks |
| 8:55 | Construir | House |
| 9:00 | Construir | House |
| 9:07 | Crear | Villager (Male) |
| 9:15 | Crear | Villager (Male) |
| 9:35 | Investigar | Loom |
| 9:52 | Construir | Mill |
| 9:53 | Crear | Villager (Male) |
| 9:54 | Crear | Villager (Male) |
| 10:40 | Construir | Mining Camp |
| 11:01 | Investigar | Feudal Age |
| 11:12 | Construir | Mining Camp |
| 11:39 | Construir | House |
| 12:36 | Crear | Villager (Male) |
| 12:37 | Crear | Villager (Male) |
| 13:11 | Edad | Edad Feudal |
| 13:24 | Crear | Villager (Male) |
| 13:24 | Crear | Villager (Male) |
| 13:56 | Construir | Farm |
| 13:57 | Construir | Farm |
| 14:02 | Construir | Farm |
| 14:14 | Construir | Stable |
| 14:20 | Construir | Blacksmith |
| 14:27 | Investigar | Double-Bit Axe |
| 14:44 | Investigar | Horse Collar |
| 15:02 | Crear | Villager (Male) |
| 15:08 | Construir | Farm |
| 15:23 | Construir | Farm |
| 15:38 | Construir | Farm |
| 15:43 | Crear | Villager (Male) |
| 16:04 | Investigar | Castle Age |
| 16:08 | Construir | Farm |
| 16:10 | Construir | Farm |
| 16:44 | Construir | Stable |
| 16:56 | Construir | Stone Wall |
| 17:02 | Construir | Gate |
| 17:15 | Investigar | Bloodlines |
| 17:18 | Crear | Villager (Male) |
| 17:18 | Crear | Villager (Male) |
| 17:27 | Investigar | Stone Mining |
| 17:51 | Construir | House |
| 17:52 | Construir | House |
| 18:38 | Crear | Villager (Male) |
| 18:48 | Edad | Edad de los Castillos |
| 18:58 | Construir | Town Center |
| 19:07 | Investigar | Gold Mining |
| 19:17 | Construir | Farm |
| 19:35 | Construir | House |
| 19:41 | Construir | House |
| 19:46 | Construir | House |
| 20:05 | Crear | Villager (Male) |
| 20:05 | Crear | Villager (Male) |
| 20:11 | Construir | Farm |
| 20:35 | Construir | Monastery |
| 20:40 | Construir | House |
| 20:43 | Construir | House |
| 20:47 | Crear | Villager (Male) |
| 21:41 | Construir | Stone Wall |
| 22:10 | Construir | Castle |
| 22:32 | Construir | University |
| 22:44 | Construir | Stone Wall |
| 23:02 | Construir | Gate |
| 23:08 | Crear | Villager (Male) |
| 23:08 | Crear | Villager (Male) |
| 23:20 | Investigar | Heavy Plow |
| 23:29 | Crear | Villager (Male) |
| 23:30 | Crear | Villager (Male) |
| 23:30 | Crear | Villager (Male) |
| 24:18 | Construir | Farm |
| 24:20 | Construir | Farm |
| 24:22 | Construir | Farm |
| 24:26 | Construir | Farm |
| 24:56 | Crear | Monk |
| 25:24 | Construir | Stone Wall |
| 25:37 | Construir | Gate |
| 25:52 | Construir | House |
| 25:54 | Construir | House |
| 25:55 | Construir | House |
| 26:12 | Investigar | Fervor |
| 26:27 | Investigar | Imperial Age |
| 26:37 | Investigar | Husbandry |
| 26:39 | Investigar | Light Cavalry (upgrade) |
| 27:32 | Crear | Villager (Male) |
| 27:34 | Crear | Villager (Male) |
| 28:01 | Construir | Farm |
| 28:04 | Construir | Farm |
| 28:06 | Construir | Farm |
| 28:11 | Construir | Farm |
| 28:44 | Crear | Villager (Male) |
| 28:44 | Crear | Villager (Male) |
| 28:44 | Crear | Villager (Male) |
| 29:01 | Crear | Obuch |
| 29:01 | Crear | Obuch |
| 29:01 | Crear | Obuch |
| 29:01 | Crear | Obuch |
| 29:02 | Crear | Obuch |
| 29:02 | Crear | Obuch |
| 29:02 | Crear | Obuch |
| 29:10 | Investigar | Forging |
| 29:12 | Investigar | Scale Barding Armor |
| 29:18 | Crear | Scout Cavalry |
| 29:37 | Edad | Edad Imperial |
| 29:44 | Construir | Lumber Camp |
| 29:54 | Crear | Villager (Male) |
| 29:55 | Crear | Villager (Male) |
| 29:55 | Crear | Villager (Male) |
| 29:56 | Crear | Villager (Male) |
| 30:38 | Investigar | Squires |
| 30:38 | Investigar | Arson |
| 30:48 | Crear | Obuch |
| 30:48 | Crear | Obuch |
| 30:49 | Crear | Obuch |
| 31:03 | Construir | Market |
| 31:56 | Investigar | Winged Hussar (upgrade) |
| 32:22 | Construir | Stable |
| 32:24 | Construir | Stable |
| 32:26 | Construir | Stable |
| 32:39 | Construir | Town Center |
| 32:58 | Crear | Scout Cavalry |
| 32:58 | Crear | Scout Cavalry |
| 32:58 | Crear | Scout Cavalry |
| 32:59 | Crear | Scout Cavalry |
| 32:59 | Crear | Scout Cavalry |
Build order — ROMA
Primeras 150 de 361 acciones detectadas
| 0:04 | Construir | House |
| 0:06 | Construir | House |
| 0:07 | Construir | House |
| 0:08 | Investigar | Loom |
| 0:08 | Crear | Villager (Male) |
| 0:08 | Crear | Villager (Male) |
| 0:08 | Crear | Villager (Male) |
| 0:09 | Crear | Villager (Male) |
| 0:09 | Crear | Villager (Male) |
| 0:24 | Construir | House |
| 2:17 | Crear | Villager (Male) |
| 2:40 | Crear | Villager (Male) |
| 2:48 | Crear | Villager (Male) |
| 3:14 | Crear | Villager (Male) |
| 3:43 | Crear | Villager (Male) |
| 3:57 | Crear | Villager (Male) |
| 4:58 | Crear | Villager (Male) |
| 4:58 | Crear | Villager (Male) |
| 6:14 | Crear | Villager (Male) |
| 6:31 | Crear | Villager (Male) |
| 6:32 | Crear | Villager (Male) |
| 6:33 | Crear | Villager (Male) |
| 6:56 | Crear | Villager (Male) |
| 7:22 | Construir | Mill |
| 7:48 | Crear | Villager (Male) |
| 8:27 | Crear | Villager (Male) |
| 8:49 | Construir | Mining Camp |
| 9:49 | Investigar | Feudal Age |
| 10:05 | Construir | House |
| 10:30 | Construir | House |
| 10:32 | Construir | House |
| 10:37 | Construir | Palisade Wall |
| 10:39 | Construir | Palisade Gate |
| 11:33 | Construir | Lumber Camp |
| 11:56 | Crear | Villager (Male) |
| 11:58 | Crear | Villager (Male) |
| 11:59 | Edad | Edad Feudal |
| 12:36 | Construir | Stone Wall |
| 12:39 | Construir | Gate |
| 12:46 | Crear | Villager (Male) |
| 12:57 | Investigar | Double-Bit Axe |
| 13:13 | Construir | Stone Wall |
| 13:15 | Construir | Gate |
| 13:20 | Crear | Villager (Male) |
| 13:22 | Investigar | Wheelbarrow |
| 13:30 | Construir | Stone Wall |
| 13:33 | Construir | Stone Wall |
| 13:34 | Construir | Stone Wall |
| 13:34 | Construir | Stone Wall |
| 13:39 | Construir | Stone Wall |
| 13:44 | Construir | Gate |
| 13:49 | Crear | Villager (Male) |
| 13:50 | Crear | Villager (Male) |
| 14:16 | Construir | House |
| 14:17 | Construir | House |
| 14:18 | Construir | House |
| 14:19 | Construir | House |
| 14:20 | Construir | House |
| 14:21 | Construir | House |
| 14:22 | Construir | House |
| 14:23 | Construir | House |
| 15:10 | Construir | Blacksmith |
| 16:07 | Construir | Mill |
| 16:16 | Crear | Villager (Male) |
| 16:16 | Crear | Villager (Male) |
| 16:17 | Crear | Villager (Male) |
| 16:38 | Construir | House |
| 16:39 | Construir | House |
| 16:41 | Construir | House |
| 16:50 | Construir | Stone Wall |
| 17:32 | Crear | Villager (Male) |
| 17:32 | Crear | Villager (Male) |
| 17:52 | Construir | Market |
| 18:08 | Construir | Stone Wall |
| 18:10 | Construir | Gate |
| 18:14 | Construir | Farm |
| 18:15 | Investigar | Horse Collar |
| 18:26 | Crear | Villager (Male) |
| 18:28 | Construir | Farm |
| 18:36 | Construir | House |
| 18:37 | Construir | House |
| 18:43 | Construir | House |
| 18:58 | Construir | Farm |
| 19:04 | Construir | House |
| 19:07 | Construir | House |
| 19:08 | Construir | House |
| 19:19 | Investigar | Castle Age |
| 19:24 | Construir | Mill |
| 19:51 | Construir | Watch Tower |
| 19:54 | Construir | Watch Tower |
| 20:12 | Construir | Farm |
| 20:13 | Construir | Farm |
| 20:14 | Construir | Farm |
| 20:15 | Construir | Farm |
| 20:28 | Construir | House |
| 20:31 | Construir | Stone Wall |
| 20:32 | Construir | Gate |
| 20:49 | Investigar | Forging |
| 20:49 | Investigar | Scale Mail Armor |
| 21:25 | Investigar | Gold Mining |
| 21:25 | Investigar | Stone Mining |
| 21:52 | Construir | Barracks |
| 21:53 | Construir | Barracks |
| 21:54 | Construir | Barracks |
| 21:58 | Edad | Edad de los Castillos |
| 22:00 | Crear | Villager (Male) |
| 22:00 | Crear | Villager (Male) |
| 22:16 | Investigar | Bow Saw |
| 22:39 | Construir | Mining Camp |
| 22:49 | Construir | Town Center |
| 22:57 | Construir | Stone Wall |
| 22:59 | Construir | Stone Wall |
| 23:17 | Crear | Villager (Male) |
| 23:17 | Crear | Villager (Male) |
| 23:17 | Crear | Villager (Male) |
| 23:17 | Crear | Villager (Male) |
| 23:18 | Crear | Villager (Male) |
| 23:18 | Crear | Villager (Male) |
| 23:18 | Crear | Villager (Male) |
| 23:33 | Construir | House |
| 23:34 | Construir | House |
| 23:35 | Construir | House |
| 23:48 | Crear | Villager (Male) |
| 23:48 | Crear | Villager (Male) |
| 24:06 | Crear | Villager (Male) |
| 24:26 | Construir | Town Center |
| 24:37 | Crear | Villager (Male) |
| 24:38 | Crear | Villager (Male) |
| 24:39 | Crear | Villager (Male) |
| 24:41 | Crear | Villager (Male) |
| 24:54 | Crear | Spearman ×2 |
| 24:54 | Crear | Spearman ×2 |
| 25:10 | Construir | House |
| 25:11 | Construir | House |
| 25:26 | Crear | Spearman ×2 |
| 25:45 | Crear | Spearman |
| 25:47 | Crear | Spearman |
| 25:59 | Crear | Villager (Male) |
| 26:00 | Crear | Villager (Male) |
| 26:16 | Investigar | Gambesons |
| 26:20 | Construir | House |
| 26:23 | Construir | House |
| 26:24 | Construir | House |
| 26:24 | Construir | House |
| 26:28 | Crear | Villager (Male) |
| 27:19 | Investigar | Squires |
| 27:29 | Crear | Villager (Male) |
| 27:30 | Crear | Villager (Male) |
| 27:30 | Crear | Villager (Male) |
| 27:31 | Crear | Villager (Male) |
Build order — Prince of Hell
Primeras 150 de 154 acciones detectadas
| 0:01 | Crear | Villager (Male) |
| 0:01 | Crear | Villager (Male) |
| 0:02 | Construir | House |
| 0:03 | Construir | House |
| 0:06 | Crear | Villager (Male) |
| 0:07 | Crear | Villager (Male) |
| 0:07 | Crear | Villager (Male) |
| 1:32 | Crear | Villager (Male) |
| 1:46 | Construir | Lumber Camp |
| 2:01 | Crear | Villager (Male) |
| 2:01 | Crear | Villager (Male) |
| 2:35 | Crear | Villager (Male) |
| 2:35 | Crear | Villager (Male) |
| 2:47 | Crear | Villager (Male) |
| 3:08 | Crear | Villager (Male) |
| 3:08 | Crear | Villager (Male) |
| 3:11 | Construir | House |
| 3:13 | Construir | House |
| 3:35 | Crear | Villager (Male) |
| 3:48 | Crear | Villager (Male) |
| 4:35 | Crear | Villager (Male) |
| 4:46 | Construir | Mill |
| 5:06 | Crear | Villager (Male) |
| 5:06 | Crear | Villager (Male) |
| 5:07 | Crear | Villager (Male) |
| 5:08 | Crear | Villager (Male) |
| 5:09 | Crear | Villager (Male) |
| 6:04 | Construir | House |
| 6:06 | Construir | House |
| 6:23 | Crear | Villager (Male) |
| 6:23 | Crear | Villager (Male) |
| 6:26 | Crear | Villager (Male) |
| 6:26 | Crear | Villager (Male) |
| 6:47 | Construir | Palisade Wall |
| 7:06 | Construir | Palisade Gate |
| 7:09 | Construir | Palisade Wall |
| 7:30 | Crear | Villager (Male) |
| 7:43 | Construir | Mining Camp |
| 8:02 | Crear | Villager (Male) |
| 8:02 | Crear | Villager (Male) |
| 8:39 | Construir | Palisade Gate |
| 8:40 | Construir | House |
| 8:57 | Crear | Villager (Male) |
| 8:57 | Crear | Villager (Male) |
| 9:49 | Crear | Villager (Male) |
| 10:13 | Construir | Farm |
| 10:15 | Construir | Farm |
| 10:19 | Construir | Farm |
| 10:21 | Construir | Farm |
| 10:24 | Crear | Villager (Male) |
| 10:24 | Investigar | Loom |
| 10:25 | Investigar | Feudal Age |
| 10:40 | Construir | Palisade Wall |
| 10:45 | Construir | Palisade Gate |
| 11:04 | Crear | Villager (Male) |
| 11:05 | Crear | Villager (Male) |
| 11:29 | Construir | Palisade Wall |
| 12:18 | Construir | Farm |
| 12:50 | Construir | Outpost |
| 12:54 | Construir | Outpost |
| 12:55 | Construir | Outpost |
| 13:18 | Construir | Farm |
| 13:21 | Construir | Farm |
| 13:33 | Edad | Edad Feudal |
| 13:36 | Construir | Blacksmith |
| 13:41 | Construir | Market |
| 13:53 | Construir | Farm |
| 13:54 | Construir | Farm |
| 14:34 | Investigar | Castle Age |
| 14:34 | Investigar | Castle Age |
| 14:38 | Construir | Lumber Camp |
| 14:47 | Construir | Outpost |
| 15:21 | Construir | Mill |
| 15:52 | Construir | Outpost |
| 15:56 | Construir | Outpost |
| 15:59 | Construir | Outpost |
| 16:08 | Crear | Villager (Male) |
| 16:08 | Crear | Villager (Male) |
| 17:03 | Investigar | Town Watch |
| 17:04 | Crear | Villager (Male) |
| 17:14 | Edad | Edad de los Castillos |
| 17:24 | Construir | Monastery |
| 17:30 | Construir | Siege Workshop |
| 17:36 | Crear | Villager (Male) |
| 18:16 | Investigar | Imperial Age |
| 18:27 | Construir | Outpost |
| 18:34 | Investigar | Double-Bit Axe |
| 18:44 | Crear | Monk |
| 19:08 | Crear | Villager (Male) |
| 19:09 | Crear | Villager (Male) |
| 19:09 | Crear | Villager (Male) |
| 19:14 | Construir | House |
| 19:16 | Construir | House |
| 19:20 | Construir | House |
| 19:26 | Crear | Trade Cart |
| 19:30 | Investigar | Bow Saw |
| 19:36 | Construir | Outpost |
| 20:09 | Crear | Villager (Male) |
| 20:27 | Investigar | Horse Collar |
| 20:34 | Construir | Outpost |
| 20:37 | Construir | Outpost |
| 20:41 | Construir | Outpost |
| 20:46 | Investigar | Gold Mining |
| 21:10 | Construir | Barracks |
| 21:26 | Edad | Edad Imperial |
| 21:34 | Crear | Bombard Cannon |
| 21:34 | Crear | Bombard Cannon |
| 22:11 | Construir | Stable |
| 22:19 | Investigar | Forging |
| 22:19 | Investigar | Scale Barding Armor |
| 22:23 | Crear | Villager (Male) |
| 22:23 | Crear | Villager (Male) |
| 22:23 | Crear | Villager (Male) |
| 22:42 | Crear | Villager (Male) |
| 22:45 | Crear | Bombard Cannon |
| 23:04 | Construir | Mining Camp |
| 23:11 | Crear | Knight |
| 23:11 | Crear | Knight |
| 23:17 | Crear | Villager (Male) |
| 23:17 | Crear | Villager (Male) |
| 23:21 | Crear | Scout Cavalry |
| 23:21 | Crear | Scout Cavalry |
| 23:23 | Crear | Scout Cavalry |
| 23:23 | Crear | Scout Cavalry |
| 23:35 | Crear | Villager (Male) |
| 23:42 | Construir | Outpost |
| 23:56 | Construir | Lumber Camp |
| 24:01 | Crear | Scout Cavalry |
| 24:02 | Crear | Scout Cavalry |
| 24:14 | Crear | Scout Cavalry |
| 24:14 | Crear | Scout Cavalry |
| 24:22 | Construir | Outpost |
| 24:23 | Crear | Villager (Male) |
| 24:24 | Crear | Villager (Male) |
| 24:35 | Crear | Bombard Cannon |
| 24:45 | Crear | Scout Cavalry |
| 24:45 | Crear | Scout Cavalry |
| 24:53 | Investigar | Bloodlines |
| 24:56 | Crear | Knight |
| 24:56 | Crear | Knight |
| 25:05 | Construir | Outpost |
| 25:17 | Crear | Knight |
| 25:17 | Crear | Knight |
| 25:21 | Crear | Villager (Male) |
| 25:21 | Crear | Villager (Male) |
| 25:28 | Construir | Farm |
| 25:37 | Construir | Farm |
| 25:38 | Crear | Villager (Male) |
| 25:40 | Construir | Farm |
| 25:41 | Construir | Farm |
Build order — Felch Baby
Primeras 150 de 207 acciones detectadas
| 0:13 | Construir | House |
| 0:15 | Construir | House |
| 0:17 | Construir | House |
| 0:19 | Construir | House |
| 0:22 | Investigar | Loom |
| 0:22 | Crear | Villager (Male) ×3 |
| 1:46 | Crear | Villager (Male) |
| 2:49 | Crear | Villager (Male) |
| 2:50 | Crear | Villager (Male) |
| 3:22 | Crear | Villager (Male) |
| 3:22 | Crear | Villager (Male) |
| 3:35 | Crear | Villager (Male) |
| 4:20 | Crear | Villager (Male) |
| 4:20 | Crear | Villager (Male) |
| 5:03 | Crear | Villager (Male) |
| 5:28 | Construir | Mill |
| 5:36 | Crear | Villager (Male) |
| 6:13 | Crear | Villager (Male) |
| 6:31 | Construir | Lumber Camp |
| 6:44 | Crear | Villager (Male) |
| 6:44 | Crear | Villager (Male) |
| 6:45 | Crear | Villager (Male) |
| 7:05 | Crear | Villager (Male) |
| 8:03 | Crear | Villager (Male) |
| 8:35 | Construir | House |
| 8:39 | Construir | House |
| 8:56 | Crear | Villager (Male) |
| 9:18 | Crear | Villager (Male) |
| 9:36 | Crear | Villager (Male) |
| 9:37 | Crear | Villager (Male) |
| 9:44 | Construir | Mining Camp |
| 10:12 | Crear | Villager (Male) |
| 11:23 | Investigar | Feudal Age |
| 13:26 | Crear | Villager (Male) |
| 13:26 | Crear | Villager (Male) |
| 13:33 | Edad | Edad Feudal |
| 13:40 | Investigar | Horse Collar |
| 13:56 | Investigar | Double-Bit Axe |
| 14:08 | Construir | Mining Camp |
| 14:14 | Crear | Villager (Male) |
| 14:14 | Crear | Villager (Male) |
| 14:37 | Crear | Villager (Male) |
| 15:02 | Construir | Market |
| 15:07 | Construir | Blacksmith |
| 15:19 | Crear | Villager (Male) |
| 15:26 | Construir | House |
| 15:32 | Construir | House |
| 15:33 | Construir | House |
| 15:41 | Construir | House |
| 15:48 | Construir | Farm |
| 15:49 | Construir | Farm |
| 15:49 | Construir | Farm |
| 15:51 | Construir | Farm |
| 15:52 | Construir | Farm |
| 15:53 | Construir | Farm |
| 16:05 | Investigar | Castle Age |
| 16:17 | Construir | Barracks |
| 16:40 | Construir | Barracks |
| 18:04 | Construir | Barracks |
| 18:11 | Construir | Stone Wall |
| 18:40 | Crear | Villager (Male) |
| 18:40 | Crear | Villager (Male) |
| 18:45 | Edad | Edad de los Castillos |
| 18:56 | Construir | Town Center |
| 19:14 | Construir | Stone Wall |
| 19:19 | Crear | Villager (Male) |
| 19:19 | Crear | Villager (Male) |
| 19:47 | Investigar | Eagle Warrior (upgrade) |
| 19:48 | Investigar | Squires |
| 19:50 | Crear | Eagle Scout ×5 |
| 19:50 | Crear | Eagle Scout ×5 |
| 20:09 | Construir | Farm |
| 20:10 | Construir | Farm |
| 20:11 | Construir | Farm |
| 20:11 | Construir | Farm |
| 20:12 | Construir | Farm |
| 20:12 | Construir | Farm |
| 20:13 | Construir | Farm |
| 20:17 | Crear | Villager (Male) |
| 20:17 | Crear | Villager (Male) |
| 20:18 | Crear | Villager (Male) |
| 20:50 | Construir | Stone Wall |
| 21:07 | Crear | Villager (Male) |
| 21:08 | Crear | Villager (Male) |
| 21:14 | Construir | Farm |
| 21:15 | Construir | Farm |
| 21:24 | Crear | Villager (Male) |
| 21:25 | Crear | Villager (Male) |
| 21:57 | Crear | Villager (Male) |
| 21:57 | Crear | Villager (Male) |
| 22:05 | Construir | Lumber Camp |
| 22:12 | Construir | Dock |
| 22:22 | Crear | Villager (Male) |
| 23:04 | Construir | Castle |
| 23:15 | Construir | Farm |
| 23:16 | Construir | Farm |
| 23:17 | Construir | Farm |
| 23:23 | Construir | House |
| 23:27 | Construir | House |
| 23:30 | Construir | House |
| 23:44 | Construir | Stone Wall |
| 23:56 | Crear | Transport Ship |
| 23:56 | Crear | Transport Ship |
| 24:03 | Investigar | Bow Saw |
| 24:53 | Crear | Villager (Male) |
| 24:53 | Crear | Villager (Male) |
| 24:54 | Crear | Villager (Male) |
| 24:54 | Crear | Villager (Male) |
| 25:03 | Construir | House |
| 25:39 | Crear | Eagle Scout ×5 |
| 25:39 | Crear | Eagle Scout ×3 |
| 26:57 | Construir | Gate |
| 27:07 | Construir | Mining Camp |
| 27:46 | Crear | Eagle Scout ×5 |
| 27:46 | Crear | Eagle Scout ×5 |
| 27:46 | Crear | Eagle Scout ×5 |
| 27:54 | Crear | Villager (Male) |
| 27:55 | Crear | Villager (Male) |
| 27:55 | Crear | Villager (Male) |
| 27:56 | Crear | Villager (Male) |
| 28:57 | Crear | Villager (Male) |
| 28:58 | Crear | Villager (Male) |
| 28:58 | Crear | Villager (Male) |
| 28:58 | Crear | Villager (Male) |
| 30:39 | Construir | Castle |
| 30:47 | Construir | Mining Camp |
| 30:52 | Investigar | Forging |
| 33:31 | Investigar | Imperial Age |
| 33:47 | Crear | Trade Cart |
| 33:48 | Crear | Trade Cart |
| 33:48 | Crear | Trade Cart |
| 34:49 | Crear | Trade Cart |
| 35:17 | Investigar | Wheelbarrow |
| 35:30 | Crear | Plumed Archer ×5 |
| 35:30 | Crear | Plumed Archer ×5 |
| 35:36 | Construir | House |
| 35:39 | Construir | House |
| 35:43 | Crear | Plumed Archer |
| 36:07 | Crear | Plumed Archer |
| 36:07 | Crear | Plumed Archer |
| 36:33 | Construir | Castle |
| 36:38 | Crear | Plumed Archer ×2 |
| 36:38 | Crear | Plumed Archer ×2 |
| 36:41 | Edad | Edad Imperial |
| 36:47 | Investigar | Tech 27 |
| 38:47 | Crear | Eagle Scout ×5 |
| 38:47 | Crear | Eagle Scout ×4 |
| 39:41 | Construir | University |
| 39:52 | Crear | Eagle Scout |
| 39:52 | Crear | Eagle Scout |
Build order — Peacemaker2000
Primeras 150 de 369 acciones detectadas
| 0:01 | Crear | Villager (Male) |
| 0:02 | Crear | Villager (Male) |
| 0:02 | Crear | Villager (Male) |
| 0:02 | Crear | Villager (Male) |
| 0:05 | Construir | House |
| 0:39 | Construir | House |
| 1:17 | Construir | House |
| 1:41 | Investigar | Loom |
| 1:55 | Construir | House |
| 1:57 | Crear | Villager (Male) |
| 2:41 | Construir | Mill |
| 2:46 | Crear | Villager (Male) |
| 2:46 | Crear | Villager (Male) |
| 2:46 | Crear | Villager (Male) |
| 3:08 | Crear | Villager (Male) |
| 3:37 | Crear | Villager (Male) |
| 3:38 | Crear | Villager (Male) |
| 4:13 | Crear | Villager (Male) |
| 4:31 | Crear | Villager (Male) |
| 4:32 | Crear | Villager (Male) |
| 5:01 | Crear | Villager (Male) |
| 5:01 | Crear | Villager (Male) |
| 5:18 | Crear | Villager (Male) |
| 5:40 | Crear | Villager (Male) |
| 5:52 | Crear | Villager (Male) |
| 6:04 | Construir | Lumber Camp |
| 6:09 | Crear | Villager (Male) |
| 6:09 | Crear | Villager (Male) |
| 6:26 | Crear | Villager (Male) |
| 6:37 | Crear | Villager (Male) |
| 6:38 | Crear | Villager (Male) |
| 7:03 | Crear | Villager (Male) |
| 7:03 | Crear | Villager (Male) |
| 7:13 | Crear | Villager (Male) |
| 7:36 | Crear | Villager (Male) |
| 8:24 | Construir | House |
| 9:17 | Investigar | Feudal Age |
| 9:44 | Construir | Mill |
| 10:12 | Construir | Barracks |
| 11:03 | Crear | Villager (Male) |
| 11:03 | Crear | Villager (Male) |
| 11:03 | Crear | Villager (Male) |
| 11:04 | Crear | Villager (Male) |
| 11:04 | Crear | Villager (Male) |
| 11:04 | Crear | Villager (Male) |
| 11:05 | Crear | Villager (Male) |
| 11:20 | Construir | Mining Camp |
| 11:52 | Crear | Militia |
| 11:52 | Crear | Militia |
| 12:01 | Edad | Edad Feudal |
| 12:07 | Construir | Lumber Camp |
| 12:17 | Crear | Villager (Male) |
| 12:17 | Crear | Villager (Male) |
| 12:52 | Crear | Villager (Male) |
| 12:52 | Crear | Villager (Male) |
| 13:03 | Construir | House |
| 13:16 | Investigar | Wheelbarrow |
| 13:30 | Investigar | Double-Bit Axe |
| 13:32 | Investigar | Horse Collar |
| 13:38 | Construir | Market |
| 13:46 | Construir | House |
| 14:22 | Construir | Mill |
| 14:31 | Crear | Spearman |
| 14:31 | Crear | Spearman |
| 14:48 | Crear | Villager (Male) |
| 14:48 | Crear | Villager (Male) |
| 14:48 | Crear | Villager (Male) |
| 14:48 | Crear | Villager (Male) |
| 14:49 | Crear | Villager (Male) |
| 15:13 | Construir | Mining Camp |
| 15:43 | Construir | Farm |
| 16:24 | Construir | House |
| 16:29 | Construir | House |
| 16:31 | Construir | House |
| 16:44 | Crear | Villager (Male) |
| 16:44 | Crear | Villager (Male) |
| 16:47 | Crear | Villager (Male) |
| 16:47 | Crear | Villager (Male) |
| 17:01 | Construir | Farm |
| 17:15 | Construir | House |
| 17:47 | Construir | Stone Wall |
| 17:54 | Construir | Stone Wall |
| 18:13 | Construir | Stable |
| 18:16 | Crear | Villager (Male) |
| 18:17 | Crear | Villager (Male) |
| 18:26 | Construir | Stone Wall |
| 18:33 | Construir | Gate |
| 18:43 | Construir | Stone Wall |
| 18:55 | Construir | Stone Wall |
| 19:00 | Construir | Gate |
| 19:06 | Construir | House |
| 19:09 | Crear | Villager (Male) |
| 19:09 | Crear | Villager (Male) |
| 19:09 | Crear | Villager (Male) |
| 19:19 | Construir | Gate |
| 19:43 | Construir | Barracks |
| 20:01 | Construir | Stone Wall |
| 20:08 | Construir | Blacksmith |
| 20:09 | Investigar | Castle Age |
| 20:21 | Construir | House |
| 20:32 | Construir | Stone Wall |
| 20:37 | Construir | Gate |
| 21:00 | Construir | Farm |
| 21:01 | Construir | Farm |
| 21:01 | Construir | Farm |
| 21:02 | Construir | Farm |
| 21:03 | Construir | Farm |
| 21:05 | Construir | Farm |
| 21:07 | Construir | Farm |
| 21:07 | Construir | Farm |
| 21:25 | Investigar | Man-at-Arms (upgrade) |
| 21:26 | Investigar | Arson |
| 21:43 | Construir | Barracks |
| 21:53 | Crear | Militia |
| 21:53 | Crear | Militia |
| 21:54 | Crear | Militia |
| 21:54 | Crear | Militia |
| 21:59 | Investigar | Scale Mail Armor |
| 22:24 | Construir | Mill |
| 22:42 | Construir | Farm |
| 22:52 | Crear | Militia |
| 22:52 | Crear | Militia |
| 22:53 | Edad | Edad de los Castillos |
| 23:08 | Construir | Town Center |
| 23:13 | Crear | Villager (Male) |
| 23:14 | Crear | Villager (Male) |
| 23:22 | Investigar | Forging |
| 23:24 | Investigar | Long Swordsman (upgrade) |
| 23:51 | Construir | Barracks |
| 24:01 | Construir | University |
| 24:14 | Investigar | Bow Saw |
| 24:16 | Investigar | Squires |
| 24:18 | Crear | Militia |
| 25:10 | Construir | Farm |
| 25:11 | Construir | Farm |
| 25:18 | Construir | Monastery |
| 25:23 | Crear | Villager (Male) |
| 25:23 | Crear | Villager (Male) |
| 25:23 | Crear | Villager (Male) |
| 25:24 | Crear | Villager (Male) |
| 25:24 | Crear | Villager (Male) |
| 25:24 | Crear | Villager (Male) |
| 25:24 | Crear | Villager (Male) |
| 25:33 | Crear | Villager (Male) |
| 25:33 | Crear | Villager (Male) |
| 25:44 | Construir | Town Center |
| 26:40 | Investigar | Chain Mail Armor |
| 26:49 | Construir | Farm |
| 26:54 | Investigar | Iron Casting |
| 27:25 | Crear | Monk |
Build order — robin-47
Primeras 150 de 417 acciones detectadas
| 0:01 | Crear | Villager (Male) |
| 0:02 | Crear | Villager (Male) |
| 0:03 | Construir | House |
| 0:05 | Construir | House |
| 0:55 | Crear | Villager (Male) |
| 0:56 | Crear | Villager (Male) |
| 0:56 | Crear | Villager (Male) |
| 1:27 | Crear | Villager (Male) |
| 1:51 | Construir | Lumber Camp |
| 1:52 | Crear | Villager (Male) |
| 2:04 | Crear | Villager (Male) |
| 2:31 | Crear | Villager (Male) |
| 3:12 | Crear | Villager (Male) |
| 3:13 | Crear | Villager (Male) |
| 3:22 | Crear | Villager (Male) |
| 4:05 | Crear | Villager (Male) |
| 4:43 | Crear | Villager (Male) |
| 4:46 | Construir | House |
| 4:47 | Construir | House |
| 5:06 | Construir | House |
| 5:07 | Construir | House |
| 5:08 | Construir | House |
| 5:51 | Construir | House |
| 5:52 | Construir | House |
| 5:54 | Crear | Villager (Male) |
| 6:16 | Crear | Villager (Male) |
| 6:29 | Crear | Villager (Male) |
| 6:43 | Construir | House |
| 6:46 | Construir | House |
| 6:47 | Construir | House |
| 6:48 | Construir | House |
| 7:07 | Crear | Villager (Male) |
| 7:23 | Construir | Mining Camp |
| 7:49 | Crear | Villager (Male) |
| 7:54 | Crear | Villager (Male) |
| 8:15 | Investigar | Feudal Age |
| 8:51 | Construir | Dock |
| 8:55 | Crear | Villager (Male) |
| 9:25 | Construir | House |
| 9:31 | Construir | Dock |
| 9:37 | Construir | Palisade Wall |
| 9:39 | Construir | Palisade Wall |
| 10:29 | Edad | Edad Feudal |
| 10:51 | Construir | Mill |
| 11:20 | Investigar | Wheelbarrow |
| 11:37 | Construir | Stone Wall |
| 11:51 | Construir | Market |
| 12:26 | Construir | Blacksmith |
| 13:06 | Investigar | Castle Age |
| 13:14 | Construir | Gate |
| 13:20 | Construir | Gate |
| 14:00 | Construir | Mining Camp |
| 14:41 | Investigar | Double-Bit Axe |
| 14:42 | Investigar | Horse Collar |
| 14:48 | Investigar | Gold Mining |
| 14:49 | Investigar | Gold Mining |
| 15:46 | Edad | Edad de los Castillos |
| 15:56 | Construir | Town Center |
| 16:19 | Crear | Villager (Male) |
| 16:21 | Crear | Villager (Male) |
| 16:31 | Construir | Town Center |
| 17:21 | Construir | Dock |
| 17:25 | Construir | Dock |
| 17:37 | Construir | Stone Wall |
| 17:39 | Construir | Gate |
| 18:12 | Crear | Villager (Male) ×5 |
| 18:12 | Crear | Villager (Male) ×5 |
| 18:52 | Crear | Villager (Male) |
| 18:52 | Crear | Villager (Male) |
| 19:06 | Construir | Town Center |
| 19:09 | Crear | Villager (Male) |
| 19:09 | Crear | Villager (Male) |
| 19:40 | Crear | Villager (Male) |
| 19:40 | Crear | Villager (Male) |
| 20:06 | Crear | Villager (Male) |
| 20:09 | Crear | Villager (Male) |
| 20:21 | Crear | Villager (Male) |
| 20:22 | Crear | Villager (Male) |
| 20:32 | Crear | Villager (Male) |
| 20:33 | Crear | Villager (Male) |
| 21:08 | Crear | Villager (Male) |
| 21:18 | Crear | Villager (Male) |
| 21:18 | Crear | Villager (Male) |
| 21:18 | Crear | Villager (Male) |
| 21:19 | Crear | Villager (Male) |
| 21:30 | Construir | Mill |
| 21:33 | Crear | Villager (Male) ×2 |
| 21:33 | Crear | Villager (Male) ×2 |
| 21:52 | Crear | Villager (Male) |
| 21:52 | Crear | Villager (Male) |
| 22:00 | Construir | Farm |
| 22:02 | Construir | Farm |
| 22:03 | Construir | Farm |
| 22:05 | Construir | Farm |
| 22:08 | Crear | Villager (Male) |
| 22:42 | Construir | Monastery |
| 22:45 | Crear | Villager (Male) ×5 |
| 22:45 | Crear | Villager (Male) ×5 |
| 22:52 | Construir | Barracks |
| 22:59 | Crear | Villager (Male) |
| 23:00 | Crear | Villager (Male) |
| 23:13 | Construir | Farm |
| 23:15 | Construir | Farm |
| 23:16 | Crear | Villager (Male) |
| 23:17 | Crear | Villager (Male) |
| 23:18 | Crear | Villager (Male) |
| 23:18 | Crear | Villager (Male) |
| 23:27 | Construir | Farm |
| 23:28 | Crear | Villager (Male) |
| 23:35 | Crear | Villager (Male) |
| 23:35 | Crear | Villager (Male) |
| 23:42 | Crear | Villager (Male) |
| 23:42 | Crear | Villager (Male) |
| 23:59 | Construir | Town Center |
| 24:03 | Crear | Villager (Male) ×4 |
| 24:03 | Crear | Villager (Male) ×4 |
| 24:10 | Construir | House |
| 24:11 | Construir | House |
| 24:12 | Construir | House |
| 24:12 | Construir | House |
| 24:13 | Construir | House |
| 24:18 | Construir | Palisade Gate |
| 24:20 | Construir | House |
| 24:21 | Construir | House |
| 24:22 | Construir | House |
| 24:24 | Crear | Villager (Male) ×3 |
| 24:37 | Construir | Archery Range |
| 24:39 | Construir | Archery Range |
| 24:41 | Construir | House |
| 24:41 | Construir | House |
| 24:43 | Construir | House |
| 24:44 | Construir | House |
| 24:46 | Crear | Villager (Male) ×5 |
| 24:52 | Crear | Villager (Male) |
| 24:52 | Crear | Villager (Male) |
| 25:06 | Construir | Mill |
| 25:11 | Crear | Villager (Male) ×2 |
| 25:18 | Crear | Villager (Male) ×2 |
| 25:27 | Crear | Villager (Male) |
| 25:28 | Crear | Villager (Male) |
| 25:36 | Crear | Villager (Male) ×2 |
| 25:56 | Construir | Mining Camp |
| 25:58 | Crear | Villager (Male) ×3 |
| 26:08 | Crear | Villager (Male) |
| 26:08 | Crear | Villager (Male) |
| 26:10 | Construir | Farm |
| 26:10 | Construir | Farm |
| 26:11 | Construir | Farm |
| 26:11 | Construir | Farm |
| 26:11 | Construir | Farm |
Build order — HaK
Primeras 150 de 444 acciones detectadas
| 0:01 | Investigar | Loom |
| 0:04 | Construir | House |
| 0:06 | Construir | House |
| 0:15 | Crear | Villager (Male) |
| 0:15 | Crear | Villager (Male) |
| 0:15 | Crear | Villager (Male) |
| 0:16 | Crear | Villager (Male) |
| 1:50 | Crear | Villager (Male) |
| 1:50 | Crear | Villager (Male) |
| 2:30 | Crear | Villager (Male) |
| 2:31 | Crear | Villager (Male) |
| 2:42 | Crear | Villager (Male) |
| 3:48 | Crear | Villager (Male) |
| 3:48 | Crear | Villager (Male) |
| 3:53 | Construir | House |
| 4:01 | Crear | Villager (Male) |
| 4:01 | Crear | Villager (Male) |
| 4:37 | Crear | Villager (Male) |
| 4:37 | Crear | Villager (Male) |
| 4:40 | Construir | House |
| 5:43 | Construir | Lumber Camp |
| 5:57 | Crear | Villager (Male) |
| 5:58 | Crear | Villager (Male) |
| 5:58 | Crear | Villager (Male) |
| 6:06 | Crear | Villager (Male) |
| 6:06 | Crear | Villager (Male) |
| 6:07 | Crear | Villager (Male) |
| 7:11 | Crear | Villager (Male) |
| 7:11 | Crear | Villager (Male) |
| 8:19 | Crear | Villager (Male) |
| 8:19 | Crear | Villager (Male) |
| 9:04 | Crear | Villager (Male) |
| 9:04 | Crear | Villager (Male) |
| 9:04 | Crear | Villager (Male) |
| 9:26 | Construir | Mining Camp |
| 9:35 | Crear | Villager (Male) |
| 10:22 | Investigar | Feudal Age |
| 10:28 | Construir | House |
| 10:29 | Construir | House |
| 10:32 | Construir | House |
| 12:26 | Crear | Villager (Male) |
| 12:26 | Crear | Villager (Male) |
| 12:27 | Crear | Villager (Male) |
| 12:32 | Edad | Edad Feudal |
| 12:41 | Construir | Barracks |
| 13:29 | Crear | Villager (Male) |
| 13:30 | Crear | Villager (Male) |
| 13:34 | Construir | Stone Wall |
| 13:38 | Construir | Gate |
| 13:48 | Construir | Gate |
| 13:59 | Construir | Mining Camp |
| 14:09 | Construir | Blacksmith |
| 14:16 | Construir | House |
| 14:36 | Crear | Villager (Male) |
| 14:44 | Construir | Archery Range |
| 15:00 | Construir | Mill |
| 15:11 | Construir | House |
| 15:23 | Investigar | Castle Age |
| 15:24 | Investigar | Castle Age |
| 15:30 | Construir | Stone Wall |
| 15:42 | Construir | Farm |
| 15:44 | Construir | Farm |
| 15:46 | Construir | Farm |
| 16:19 | Construir | Stone Wall |
| 16:25 | Construir | Stone Wall |
| 16:31 | Construir | Gate |
| 17:01 | Investigar | Fletching |
| 17:32 | Construir | House |
| 17:33 | Construir | House |
| 17:35 | Construir | House |
| 17:41 | Crear | Villager (Male) |
| 17:41 | Crear | Villager (Male) |
| 18:03 | Edad | Edad de los Castillos |
| 18:19 | Crear | Archer |
| 18:19 | Crear | Archer |
| 18:20 | Crear | Archer |
| 18:20 | Crear | Archer |
| 18:20 | Crear | Archer |
| 18:23 | Crear | Villager (Male) |
| 18:23 | Crear | Villager (Male) |
| 18:25 | Crear | Villager (Male) |
| 18:32 | Construir | Town Center |
| 18:50 | Construir | House |
| 18:50 | Construir | House |
| 19:06 | Investigar | Double-Bit Axe |
| 19:11 | Investigar | Wheelbarrow |
| 19:45 | Construir | Outpost |
| 19:49 | Construir | Outpost |
| 19:55 | Construir | Farm |
| 20:22 | Construir | Stone Wall |
| 20:34 | Construir | Monastery |
| 20:47 | Crear | Villager (Male) |
| 20:47 | Crear | Villager (Male) |
| 20:47 | Crear | Villager (Male) |
| 20:48 | Crear | Villager (Male) |
| 20:48 | Crear | Villager (Male) |
| 20:49 | Crear | Villager (Male) |
| 20:51 | Investigar | Crossbowman (upgrade) |
| 20:52 | Crear | Archer |
| 20:52 | Crear | Archer |
| 20:56 | Construir | Farm |
| 20:59 | Investigar | Horse Collar |
| 20:59 | Investigar | Horse Collar |
| 21:02 | Construir | Farm |
| 21:20 | Construir | Farm |
| 21:23 | Construir | Farm |
| 21:25 | Construir | Farm |
| 21:44 | Crear | Monk |
| 21:57 | Construir | Farm |
| 22:03 | Construir | Farm |
| 22:05 | Construir | Farm |
| 22:25 | Construir | House |
| 22:31 | Construir | Farm |
| 22:34 | Construir | Farm |
| 22:53 | Investigar | Bow Saw |
| 23:04 | Construir | University |
| 23:12 | Construir | Stone Wall |
| 23:17 | Construir | Gate |
| 23:52 | Crear | Archer |
| 23:53 | Crear | Archer |
| 23:53 | Crear | Archer |
| 23:53 | Crear | Archer |
| 23:53 | Crear | Archer |
| 24:07 | Construir | Archery Range |
| 24:16 | Crear | Villager (Male) |
| 24:16 | Crear | Villager (Male) |
| 24:18 | Crear | Villager (Male) |
| 24:18 | Crear | Villager (Male) |
| 24:43 | Investigar | Ballistics |
| 24:54 | Crear | Archer |
| 25:18 | Crear | Archer |
| 25:18 | Crear | Archer |
| 25:19 | Crear | Archer |
| 25:19 | Crear | Archer |
| 25:43 | Crear | Archer |
| 25:43 | Crear | Archer |
| 25:44 | Crear | Archer |
| 25:44 | Crear | Archer |
| 25:54 | Crear | Villager (Male) |
| 25:54 | Crear | Villager (Male) |
| 25:55 | Crear | Villager (Male) |
| 25:57 | Crear | Villager (Male) |
| 25:57 | Crear | Villager (Male) |
| 25:57 | Crear | Villager (Male) |
| 26:01 | Investigar | Padded Archer Armor |
| 27:03 | Crear | Archer |
| 27:03 | Crear | Archer |
| 27:03 | Crear | Archer |
| 27:03 | Crear | Archer |
| 27:06 | Crear | Villager (Male) |
Cronología de la partida
| 4:14 | PilotePSP · wall_segment Palisade Wall x5 |
| 5:02 | PilotePSP · wall_segment Palisade Wall x3 |
| 6:23 | PilotePSP · wall_segment Palisade Wall x2 |
| 6:33 | PilotePSP · first_building Dock |
| 6:47 | Prince of Hell · wall_segment Palisade Wall x10 |
| 7:09 | Prince of Hell · wall_segment Palisade Wall x5 |
| 7:48 | PilotePSP · wall_segment Palisade Wall x7 |
| 7:57 | PilotePSP · first_building Barracks |
| 8:24 | PilotePSP · wall_segment Palisade Wall x3 |
| 8:28 | PilotePSP · wall_segment Palisade Wall x9 |
| 8:45 | GoldenChild · first_building Barracks |
| 8:51 | robin-47 · first_building Dock |
| 9:37 | robin-47 · wall_segment Palisade Wall x1 |
| 9:39 | robin-47 · wall_segment Palisade Wall x4 |
| 9:40 | PilotePSP · wall_segment Palisade Wall x5 |
| 9:43 | PilotePSP · wall_segment Palisade Wall x7 |
| 10:12 | Peacemaker2000 · first_building Barracks |
| 10:29 | robin-47 · age_up feudal |
| 10:37 | ROMA · wall_segment Palisade Wall x5 |
| 10:40 | Prince of Hell · wall_segment Palisade Wall x14 |
| 11:08 | PilotePSP · wall_segment Palisade Wall x1 |
| 11:12 | PilotePSP · wall_segment Palisade Wall x7 |
| 11:29 | Prince of Hell · wall_segment Palisade Wall x1 |
| 11:37 | robin-47 · wall_segment Stone Wall x17 |
| 11:59 | ROMA · age_up feudal |
| 12:01 | Peacemaker2000 · age_up feudal |
| 12:32 | HaK · age_up feudal |
| 12:36 | ROMA · wall_segment Stone Wall x6 |
| 12:41 | HaK · first_building Barracks |
| 13:11 | GoldenChild · age_up feudal |
| 13:13 | ROMA · wall_segment Stone Wall x16 |
| 13:30 | ROMA · wall_segment Stone Wall x10 |
| 13:33 | Felch Baby · age_up feudal |
| 13:33 | ROMA · wall_segment Stone Wall x2 |
| 13:33 | Prince of Hell · age_up feudal |
| 13:34 | ROMA · wall_segment Stone Wall x1 |
| 13:34 | ROMA · wall_segment Stone Wall x1 |
| 13:34 | HaK · wall_segment Stone Wall x9 |
| 13:39 | ROMA · wall_segment Stone Wall x9 |
| 14:14 | GoldenChild · first_building Stable |
| 14:23 | PilotePSP · wall_segment Palisade Wall x2 |
| 14:44 | HaK · first_building Archery Range |
| 15:01 | PilotePSP · wall_segment Palisade Wall x6 |
| 15:30 | HaK · wall_segment Stone Wall x13 |
| 15:46 | robin-47 · age_up castle |
| 16:17 | Felch Baby · first_building Barracks |
| 16:19 | HaK · wall_segment Stone Wall x12 |
| 16:25 | HaK · wall_segment Stone Wall x14 |
| 16:50 | ROMA · wall_segment Stone Wall x6 |
| 16:56 | GoldenChild · wall_segment Stone Wall x5 |
| 17:14 | Prince of Hell · age_up castle |
| 17:21 | PilotePSP · age_up feudal |
| 17:24 | Prince of Hell · first_building Monastery |
| 17:30 | Prince of Hell · first_building Siege Workshop |
| 17:35 | PilotePSP · first_building Stable |
| 17:37 | robin-47 · wall_segment Stone Wall x8 |
| 17:47 | Peacemaker2000 · wall_segment Stone Wall x6 |
| 17:54 | Peacemaker2000 · wall_segment Stone Wall x19 |
| 18:03 | Prince of Hell · first_market_sell 100 stone |
| 18:03 | HaK · age_up castle |
| 18:08 | ROMA · wall_segment Stone Wall x16 |
| 18:11 | Felch Baby · wall_segment Stone Wall x9 |
| 18:13 | Peacemaker2000 · first_building Stable |
| 18:26 | Peacemaker2000 · wall_segment Stone Wall x1 |
| 18:43 | Peacemaker2000 · wall_segment Stone Wall x9 |
| 18:45 | Felch Baby · age_up castle |
| 18:48 | GoldenChild · age_up castle |
| 18:55 | Peacemaker2000 · wall_segment Stone Wall x1 |
| 19:14 | Felch Baby · wall_segment Stone Wall x31 |
| 19:22 | PilotePSP · wall_segment Stone Wall x3 |
| 19:25 | PilotePSP · wall_segment Stone Wall x9 |
| 19:36 | PilotePSP · first_market_buy 100 stone |
| 20:01 | Peacemaker2000 · wall_segment Stone Wall x9 |
| 20:03 | Felch Baby · first_market_sell 100 food |
| 20:04 | Felch Baby · first_market_buy 100 wood |
| 20:13 | PilotePSP · wall_segment Stone Wall x5 |
| 20:16 | PilotePSP · wall_segment Stone Wall x4 |
| 20:17 | PilotePSP · wall_segment Stone Wall x2 |
| 20:22 | HaK · wall_segment Stone Wall x16 |
| 20:31 | ROMA · wall_segment Stone Wall x12 |
| 20:32 | Peacemaker2000 · wall_segment Stone Wall x8 |
| 20:34 | HaK · first_building Monastery |
| 20:35 | GoldenChild · first_building Monastery |
| 20:50 | Felch Baby · wall_segment Stone Wall x12 |
| 21:07 | Prince of Hell · first_market_buy 100 wood |
| 21:10 | Prince of Hell · first_building Barracks |
| 21:14 | PilotePSP · age_up castle |
| 21:26 | Prince of Hell · age_up imperial |
| 21:29 | PilotePSP · first_building Castle |
| 21:39 | PilotePSP · wall_segment Stone Wall x2 |
| 21:41 | GoldenChild · wall_segment Stone Wall x18 |
| 21:52 | ROMA · first_building Barracks |
| 21:58 | ROMA · age_up castle |
| 22:08 | PilotePSP · first_market_sell 100 wood |
| 22:10 | GoldenChild · first_building Castle |
| 22:11 | Prince of Hell · first_building Stable |
| 22:12 | Felch Baby · first_building Dock |
| 22:25 | PilotePSP · wall_segment Stone Wall x8 |
| 22:42 | robin-47 · first_building Monastery |
| 22:44 | GoldenChild · wall_segment Stone Wall x8 |
| 22:52 | robin-47 · first_building Barracks |
| 22:53 | PilotePSP · first_building Siege Workshop |
| 22:53 | Peacemaker2000 · age_up castle |
| 22:57 | ROMA · wall_segment Stone Wall x1 |
| 22:59 | ROMA · wall_segment Stone Wall x1 |
| 23:04 | Felch Baby · first_building Castle |
| 23:12 | HaK · wall_segment Stone Wall x11 |
| 23:44 | Felch Baby · wall_segment Stone Wall x29 |
| 24:23 | Peacemaker2000 · first_market_sell 100 wood |
| 24:37 | robin-47 · first_building Archery Range |
| 25:18 | Peacemaker2000 · first_building Monastery |
| 25:24 | GoldenChild · wall_segment Stone Wall x17 |
| 26:36 | robin-47 · wall_segment Stone Wall x8 |
| 26:38 | Prince of Hell · resign |
| 27:02 | robin-47 · first_building Siege Workshop |
| 27:31 | Peacemaker2000 · first_market_buy 100 stone |
| 27:50 | Peacemaker2000 · first_building Castle |
| 28:23 | ROMA · first_building Castle |
| 29:05 | ROMA · first_building Stable |
| 29:37 | GoldenChild · age_up imperial |
| 29:51 | Peacemaker2000 · first_building Siege Workshop |
| 30:36 | HaK · first_building Castle |
| 31:37 | robin-47 · wall_segment Stone Wall x1 |
| 34:05 | ROMA · first_building Siege Workshop |
| 34:07 | robin-47 · first_market_buy 100 food |
| 34:11 | robin-47 · first_market_sell 100 stone |
| 34:39 | Peacemaker2000 · age_up imperial |
| 34:44 | Felch Baby · tribute_sent a jugador 1 |
| 34:44 | Felch Baby · tribute_sent a jugador 2 |
| 34:44 | Felch Baby · tribute_sent a jugador 3 |
| 34:44 | Felch Baby · tribute_sent a jugador 5 |
| 34:44 | Felch Baby · tribute_sent a jugador 6 |
| 34:44 | Felch Baby · tribute_sent a jugador 7 |
| 34:44 | Felch Baby · tribute_sent a jugador 8 |
| 34:49 | ROMA · tribute_sent a jugador 1 |
| 34:49 | ROMA · tribute_sent a jugador 3 |
| 34:49 | ROMA · tribute_sent a jugador 4 |
| 34:49 | ROMA · tribute_sent a jugador 5 |
| 34:49 | ROMA · tribute_sent a jugador 6 |
| 34:49 | ROMA · tribute_sent a jugador 7 |
| 34:49 | ROMA · tribute_sent a jugador 8 |
| 35:30 | HaK · age_up imperial |
| 36:33 | ROMA · wall_segment Stone Wall x1 |
| 36:37 | PilotePSP · wall_segment Stone Wall x1 |
| 36:41 | Felch Baby · age_up imperial |
| 37:54 | robin-47 · age_up imperial |
| 38:07 | PilotePSP · wall_segment Stone Wall x6 |
| 39:26 | ROMA · age_up imperial |
| 40:51 | ROMA · wall_segment Stone Wall x2 |
| 43:31 | PilotePSP · age_up imperial |
| 44:59 | robin-47 · wall_segment Stone Wall x5 |
| 45:11 | robin-47 · wall_segment Stone Wall x12 |
| 46:31 | PilotePSP · first_building Archery Range |
| 46:48 | GoldenChild · first_building Siege Workshop |
| 50:04 | robin-47 · wall_segment Stone Wall x17 |
| 50:55 | HaK · first_market_sell 100 food |
| 51:21 | robin-47 · wall_segment Stone Wall x1 |
| 51:49 | robin-47 · first_building Castle |
| 53:30 | robin-47 · wall_segment Stone Wall x6 |
| 53:32 | robin-47 · wall_segment Stone Wall x1 |
| 53:32 | robin-47 · wall_segment Stone Wall x1 |
| 55:35 | robin-47 · wall_segment Stone Wall x17 |
[ ANÁLISIS IA · 1 CRÉDITO ]
¿Qué pasó realmente en esta partida?
Wolo.gg analiza cada decisión: build order, eco, micro, errores típicos por bracket. Análisis personalizado por WhatsApp o Discord en 30 segundos.
Guía civ
Indostaníes
Perfil
Jugador #15519952